HSSL
TULSA HS AS @ OKLAHOMA CITY HS MAGICIANS
04/29/2030
 
TOP OF THE 1ST
Tulsa HS As batting - Pitching for Oklahoma City HS Magicians : RHP Sherman Daniels
Pitching: RHP Sherman Daniels
Batting: RHB Dale Bennett 0-0: Swinging Strike
0-1: Foul Ball, location: 2F
0-2: Strikes out swinging
Batting: LHB Dave Leclair 0-0: Called Strike
0-1: SINGLE (Groundball, 34D)
Batting: RHB Ralph Young 0-0: Hit by Pitch
Dave Leclair to second
Batting: LHB Mark Wheeler 0-0: Grounds into double play, 1-6-3 (Groundball, 13)
Top of the 1st over - 0 runs, 1 hit, 0 errors, 1 left on base; Tulsa HS 0 - Oklahoma City HS 0
BOTTOM OF THE 1ST
Oklahoma City HS Magicians batting - Pitching for Tulsa HS As : RHP Floyd Walton
Pitching: RHP Floyd Walton
Batting: LHB Pablo Fuentes 0-0: Ball
1-0: Foul Ball, location: 2F
1-1: Foul Ball, location: 2F
1-2: Foul Ball, location: 2F
1-2: Ball
2-2: Ball
3-2: Ground out 4-3 (Groundball, 4)
Batting: LHB Todd Davis 0-0: Ball
1-0: Ball
2-0: Swinging Strike
2-1: SINGLE (Line Drive, 6M)
Batting: RHB Ken Wallace 0-0: Ball
1-0: Ball
2-0: Foul Ball, location: 2F
2-1: DOUBLE (Line Drive, 78D)
Todd Davis to third
Batting: LHB Marcus Hussey 0-0: Ball
1-0: Called Strike
1-1: Foul Ball, location: 2F
1-2: Foul Ball, location: 2F
1-2: Strikes out swinging
Batting: RHB Edward Allen 0-0: Foul Ball, location: 2F
0-1: SINGLE (Line Drive, 6MD)
Todd Davis scores
Ken Wallace to third
Batting: SHB Ron Robinson 0-0: Ball
1-0: Ball
2-0: Ball
3-0: Called Strike
3-1: Swinging Strike
3-2: Ground out U3 (Groundball, 3)
Bottom of the 1st over - 1 run, 3 hits, 0 errors, 2 left on base; Tulsa HS 0 - Oklahoma City HS 1
TOP OF THE 2ND
Tulsa HS As batting - Pitching for Oklahoma City HS Magicians : RHP Sherman Daniels
Batting: SHB José Hernández 0-0: Ball
1-0: Ball
2-0: Foul Ball, location: 2F
2-1: Ball
3-1: Base on Balls
Batting: LHB Chris Smith 0-0: Ball
1-0: Swinging Strike
1-1: Called Strike
1-2: Foul Ball, location: 2F
1-2: Strikes out swinging
Batting: RHB Ricky Thomas 0-0: Ball
1-0: Ball
2-0: Ball
3-0: Foul Ball, location: 2F
3-1: Swinging Strike
3-2: Base on Balls
José Hernández to second
Batting: RHB Trent Rowe 0-0: Ball
1-0: Called Strike
1-1: Ball
2-1: Swinging Strike
2-2: Ball
3-2: Foul Ball, location: 2F
3-2: Strikes out swinging
Batting: RHB Brendon Keifer 0-0: Called Strike
0-1: Ball
1-1: Foul Ball, location: 2F
1-2: Ball
2-2: SINGLE (Groundball, 56D)
José Hernández to third
Ricky Thomas to second
Runner from 3rd tries for Home, SAFE, no throw
Batting: RHB Dale Bennett 0-0: Foul Ball, location: 2F
0-1: Fly out, F8 (Flyball, 8LD)
Top of the 2nd over - 1 run, 1 hit, 0 errors, 2 left on base; Tulsa HS 1 - Oklahoma City HS 1
BOTTOM OF THE 2ND
Oklahoma City HS Magicians batting - Pitching for Tulsa HS As : RHP Floyd Walton
Batting: RHB Mark Wortham 0-0: Called Strike
0-1: Called Strike
0-2: Fly out, F7 (Flyball, 7D)
Batting: LHB Jason Thomas 0-0: Called Strike
0-1: Ball
1-1: Ball
2-1: Fly out, F8 (Flyball, 8RD)
Batting: LHB Brian Bennett 0-0: DOUBLE (Line Drive, 9LD)
Batting: LHB Pablo Fuentes 0-0: Called Strike
0-1: Swinging Strike
0-2: Ball
1-2: Foul Ball, location: 2F
1-2: Foul Ball, location: 2F
1-2: Strikes out looking
Bottom of the 2nd over - 0 runs, 1 hit, 0 errors, 1 left on base; Tulsa HS 1 - Oklahoma City HS 1
TOP OF THE 3RD
Tulsa HS As batting - Pitching for Oklahoma City HS Magicians : RHP Sherman Daniels
Batting: LHB Dave Leclair 0-0: Ball
1-0: Called Strike
1-1: SINGLE (Flyball, 78S)
Batting: RHB Ralph Young 0-0: Called Strike
0-1: Foul Ball, location: 2F
0-2: Strikes out swinging
Batting: LHB Mark Wheeler 0-0: Fly out, F9 (Line Drive, 9)
Batting: SHB José Hernández 0-0: Ball
1-0: Swinging Strike
1-1: Ball
2-1: SINGLE (Line Drive, 9S)
Dave Leclair to second
Batting: LHB Chris Smith 0-0: Swinging Strike
0-1: Foul Ball, location: 2F
0-2: Ball
1-2: Strikes out swinging
Top of the 3rd over - 0 runs, 2 hits, 0 errors, 2 left on base; Tulsa HS 1 - Oklahoma City HS 1
BOTTOM OF THE 3RD
Oklahoma City HS Magicians batting - Pitching for Tulsa HS As : RHP Floyd Walton
Batting: LHB Todd Davis 0-0: Ball
1-0: Foul Ball, location: 2F
1-1: Called Strike
1-2: Foul Ball, location: 2F
1-2: Strikes out swinging
Batting: RHB Ken Wallace 0-0: Ball
1-0: Ball
2-0: Called Strike
2-1: Ground out U3 (Groundball, 3)
Batting: LHB Marcus Hussey 0-0: Called Strike
0-1: Foul Ball, location: 2F
0-2: Ground out 6-3 (Groundball, 6)
Bottom of the 3rd over - 0 runs, 0 hits, 0 errors, 0 left on base; Tulsa HS 1 - Oklahoma City HS 1
TOP OF THE 4TH
Tulsa HS As batting - Pitching for Oklahoma City HS Magicians : RHP Sherman Daniels
Batting: RHB Ricky Thomas 0-0: Foul Ball, location: 2F
0-1: Ball
1-1: Fly out, F8 (Flyball, 8RM)
Batting: RHB Trent Rowe 0-0: Ball
1-0: Foul Ball, location: 2F
1-1: Foul Ball, location: 2F
1-2: Ball
2-2: Ball
3-2: Base on Balls
Batting: RHB Brendon Keifer 0-0: Foul Ball, location: 2F
0-1: Foul Ball, location: 2F
0-2: Foul Ball, location: 2F
0-2: Foul Ball, location: 2F
0-2: Ball
1-2: Strikes out swinging
Batting: RHB Dale Bennett 0-0: Fielders Choice at 2nd, 5-4 (Groundball, 56)
Top of the 4th over - 0 runs, 0 hits, 0 errors, 1 left on base; Tulsa HS 1 - Oklahoma City HS 1
BOTTOM OF THE 4TH
Oklahoma City HS Magicians batting - Pitching for Tulsa HS As : RHP Floyd Walton
Batting: RHB Edward Allen 0-0: Fly out, F5 (Line Drive, 56)
Batting: SHB Ron Robinson 0-0: SINGLE (Groundball, 34) (infield hit)
Batting: RHB Mark Wortham 0-0: Fly out, F9 (Flyball, 9)
Batting: LHB Jason Thomas 0-0: Ball
1-0: Swinging Strike
1-1: Foul Ball, location: 2F
1-2: Strikes out swinging
Bottom of the 4th over - 0 runs, 1 hit, 0 errors, 1 left on base; Tulsa HS 1 - Oklahoma City HS 1
TOP OF THE 5TH
Tulsa HS As batting - Pitching for Oklahoma City HS Magicians : RHP Sherman Daniels
Batting: LHB Dave Leclair 0-0: Called Strike
0-1: Foul Ball, location: 2F
0-2: Foul Ball, location: 2F
0-2: Strikes out swinging
Batting: RHB Ralph Young 0-0: Ball
1-0: Ball
2-0: Ball
3-0: Called Strike
3-1: Called Strike
3-2: Strikes out swinging
Batting: LHB Mark Wheeler 0-0: Ball
1-0: Ball
2-0: Called Strike
2-1: Called Strike
2-2: Strikes out looking
Top of the 5th over - 0 runs, 0 hits, 0 errors, 0 left on base; Tulsa HS 1 - Oklahoma City HS 1
BOTTOM OF THE 5TH
Oklahoma City HS Magicians batting - Pitching for Tulsa HS As : RHP Floyd Walton
Batting: LHB Brian Bennett 0-0: Ball
1-0: Called Strike
1-1: Called Strike
1-2: Ball
2-2: Strikes out swinging
Batting: LHB Pablo Fuentes 0-0: Reached via error on a dropped throw, E3
Batting: LHB Todd Davis 0-0: Called Strike
0-1: Foul Ball, location: 2F
0-2: Ball
1-2: Grounds into double play, 5-4-3 (Groundball, 5L)
Bottom of the 5th over - 0 runs, 0 hits, 1 error, 0 left on base; Tulsa HS 1 - Oklahoma City HS 1
TOP OF THE 6TH
Tulsa HS As batting - Pitching for Oklahoma City HS Magicians : RHP Sherman Daniels
Pitching: RHP António Quintero
Batting: SHB José Hernández 0-0: Ball
1-0: Ball
2-0: Swinging Strike
2-1: Foul Ball, location: 2F
2-2: Foul Ball, location: 2F
2-2: Ball
3-2: Base on Balls
Batting: LHB Chris Smith 0-0: Ball
1-0: Foul Ball, location: 2F
1-1: Foul Ball, location: 2F
1-2: Strikes out swinging
Batting: RHB Ricky Thomas 0-0: Ball
1-0: Ball
2-0: Called Strike
2-1: Ball
3-1: Base on Balls
José Hernández to second
Batting: RHB Trent Rowe 0-0: Foul Ball, location: 2F
0-1: Ball
1-1: Foul Ball, location: 2F
1-2: Strikes out looking
Batting: RHB Brendon Keifer 0-0: Called Strike
0-1: Foul Ball, location: 2F
0-2: Ball
1-2: Foul Ball, location: 2F
1-2: Fielders Choice at 2nd, 6-4 (Groundball, 6)
Top of the 6th over - 0 runs, 0 hits, 0 errors, 2 left on base; Tulsa HS 1 - Oklahoma City HS 1
BOTTOM OF THE 6TH
Oklahoma City HS Magicians batting - Pitching for Tulsa HS As : RHP Floyd Walton
Batting: RHB Ken Wallace 0-0: Called Strike
0-1: Foul Ball, location: 2F
0-2: Strikes out looking
Batting: LHB Marcus Hussey 0-0: Ball
1-0: Called Strike
1-1: Called Strike
1-2: Ball
2-2: Foul Ball, location: 2F
2-2: SINGLE (Flyball, 7S)
Pitching: RHP Chris Bell
Batting: RHB Edward Allen 0-0: Foul Ball, location: 2F
0-1: TRIPLE (Line Drive, 7D)
Marcus Hussey scores
Batting: SHB Ron Robinson 0-0: Ball
1-0: Ball
2-0: SINGLE (Flyball, 8LS)
Edward Allen scores
Batting: RHB Mark Wortham 0-0: Foul Ball, location: 2F
0-1: Ball
1-1: Ball
2-1: Ball
3-1: Swinging Strike
3-2: Fly out, F9 (Flyball, 89M)
Batting: LHB Jason Thomas 0-0: Ball
1-0: Fly out, F7 (Flyball, 7LDF)
Bottom of the 6th over - 2 runs, 3 hits, 0 errors, 1 left on base; Tulsa HS 1 - Oklahoma City HS 3
TOP OF THE 7TH
Tulsa HS As batting - Pitching for Oklahoma City HS Magicians : RHP António Quintero
Batting: RHB Dale Bennett 0-0: Ball
1-0: Called Strike
1-1: SINGLE (Line Drive, 89S)
Pitching: LHP Brad Stewart
Batting: LHB Dave Leclair 0-0: Ball
1-0: Called Strike
1-1: Foul Ball, location: 2F
1-2: Ball
2-2: Grounds into double play, 4-6-3 (Groundball, 4)
Pitching: LHP Bill Frazier
Batting: RHB Ralph Young 0-0: Ball
1-0: Fly out, F8 (Flyball, 8LM)
Top of the 7th over - 0 runs, 1 hit, 0 errors, 0 left on base; Tulsa HS 1 - Oklahoma City HS 3
BOTTOM OF THE 7TH
Oklahoma City HS Magicians batting - Pitching for Tulsa HS As : RHP Chris Bell
Batting: LHB Brian Bennett 0-0: Called Strike
0-1: Swinging Strike
0-2: Foul Ball, location: 2F
0-2: Strikes out swinging
Batting: LHB Pablo Fuentes 0-0: Ball
1-0: Called Strike
1-1: Foul Ball, location: 2F
1-2: Ball
2-2: Foul Ball, location: 2F
2-2: Strikes out looking
Batting: LHB Todd Davis 0-0: Swinging Strike
0-1: Called Strike
0-2: Strikes out looking
Bottom of the 7th over - 0 runs, 0 hits, 0 errors, 0 left on base; Tulsa HS 1 - Oklahoma City HS 3
TOP OF THE 8TH
Tulsa HS As batting - Pitching for Oklahoma City HS Magicians : LHP Bill Frazier
Batting: LHB Mark Wheeler 0-0: Called Strike
0-1: Foul Ball, location: 2F
0-2: Fly out, F8 (Flyball, 78M)
Batting: SHB José Hernández 0-0: Fly out, F9 (Flyball, 9LSF)
Batting: LHB Chris Smith 0-0: Ball
1-0: Ground out 5-3 (Groundball, 56)
Top of the 8th over - 0 runs, 0 hits, 0 errors, 0 left on base; Tulsa HS 1 - Oklahoma City HS 3
BOTTOM OF THE 8TH
Oklahoma City HS Magicians batting - Pitching for Tulsa HS As : RHP Chris Bell
Batting: RHB Ken Wallace 0-0: Called Strike
0-1: Ball
1-1: Ground out 6-3 (Groundball, 6)
Batting: LHB Marcus Hussey 0-0: Called Strike
0-1: Swinging Strike
0-2: Strikes out swinging
Batting: RHB Edward Allen 0-0: Ball
1-0: Called Strike
1-1: Foul Ball, location: 2F
1-2: Ball
2-2: Fly out, F3 (Popup, 3S)
Bottom of the 8th over - 0 runs, 0 hits, 0 errors, 0 left on base; Tulsa HS 1 - Oklahoma City HS 3
TOP OF THE 9TH
Tulsa HS As batting - Pitching for Oklahoma City HS Magicians : LHP Bill Frazier
Pitching: RHP Carlos Días
Batting: RHB Ricky Thomas 0-0: Foul Ball, location: 2F
0-1: Foul Ball, location: 2F
0-2: Ball
1-2: Reached on error, E6 (Groundball, 6)
Batting: RHB Trent Rowe 0-0: Foul Ball, location: 2F
0-1: 2-RUN HOME RUN (Flyball, 7LD), Distance : 340 ft
Batting: RHB Brendon Keifer 0-0: Swinging Strike
0-1: Ball
1-1: Called Strike
1-2: Foul Ball, location: 2F
1-2: Strikes out swinging
Batting: RHB Dale Bennett 0-0: Ball
1-0: Foul Ball, location: 2F
1-1: Foul Ball, location: 2F
1-2: Ball
2-2: Foul Ball, location: 2F
2-2: Foul Ball, location: 2F
2-2: Foul Ball, location: 2F
2-2: Strikes out swinging
Batting: LHB Dave Leclair 0-0: SINGLE (Line Drive, 89S)
Batting: RHB Ralph Young 0-0: Ball
1-0: Ball
Dave Leclair steals 2nd base
2-0: Foul Ball, location: 2F
2-1: Swinging Strike
2-2: Ball
3-2: Fly out, F6 (Line Drive, 6M)
Top of the 9th over - 2 runs, 2 hits, 1 error, 1 left on base; Tulsa HS 3 - Oklahoma City HS 3
BOTTOM OF THE 9TH
Oklahoma City HS Magicians batting - Pitching for Tulsa HS As : RHP Chris Bell
Batting: SHB Ron Robinson 0-0: Ball
1-0: Ball
2-0: Ball
3-0: Called Strike
3-1: Foul Ball, location: 2F
3-2: Ground out 6-3 (Groundball, 6)
Batting: RHB Mark Wortham 0-0: Called Strike
0-1: Foul Ball, location: 2F
0-2: Ball
1-2: Foul Ball, location: 2F
1-2: Ball
2-2: Ball
3-2: SINGLE (Groundball, 56D)
Batting: LHB Jason Thomas 0-0: SINGLE (Groundball, 6D)
Mark Wortham to second
Pinch Hitting: RHB Drew Richardson 0-0: Called Strike
0-1: Foul Ball, location: 2F
0-2: Fly out, F7 (Flyball, 7)
Batting: LHB Pablo Fuentes 0-0: Ball
1-0: 3-RUN HOME RUN (Flyball, 9LD), Distance : 330 ft
Saturday, April 7th, 2018 - OOTP Baseball 18.8 Build 76